 Dungeon Crawl Stone Soup version 0.14.0-24-gfb45beb (webtiles) character file.

67 4tharraofdagon the Firebug (level 3, 3/19 HPs)
             Began as a Deep Elf Fire Elementalist on Apr 24, 2014.
             Quit the game on Level 5 of the Dungeon.
             The game lasted 00:03:26 (490 turns).

4tharraofdagon the Firebug (DEFE)                    Turns: 490, Time: 00:03:26

HP   3/19        AC  2     Str  5      XL: 3   Next: 76%
MP   7/11        EV 13     Int 20      God:
Gold 9           SH  0     Dex 15      Spells:  2 memorised,  5 levels left

rFire  . . .     SeeInvis .     i - +1 blowgun
rCold  . . .     Clarity  .     a - +0 robe
rNeg   . . .     Conserve .     (no shield)
rPois  .         rCorr    .     (no helmet)
rElec  .         rRot     .     (no cloak)
SustAb . .       Spirit   .     (no gloves)
rMut   .         Warding  .     (no boots)
Saprov . . .     Stasis   .     (no amulet)
MR     .....                    (no ring)
                                (no ring)

@: not resistant to hostile enchantments, fairly stealthy
A: no striking features
a: no special abilities


You were on level 5 of the Dungeon.
You were not hungry.

You visited 1 branch of the dungeon, and saw 5 of its levels.

You collected 9 gold pieces.

Inventory:

Hand weapons
 g - a +0,+1 dagger of speed
 i - a +1 blowgun (weapon)
Missiles
 j - 9 poisoned needles (quivered)
Armour
 a - a +0 robe (worn)
Comestibles
 c - a bread ration
Scrolls
 d - 3 scrolls of identify
 e - a scroll of recharging
Books
 b - a book of Flames

   Spells                             Type                      Level
   *Flame Tongue                      Conjuration/Fire             1
   Throw Flame                        Conjuration/Fire             2
   *Conjure Flame                     Conjuration/Fire             3
   Inner Flame                        Hexes/Fire                   3
   Sticky Flame                       Conjuration/Fire             4
   Fireball                           Conjuration/Fire             5


   Skills:
 - Level 2.4 Dodging
 - Level 2.4 Stealth
 + Level 3.5 Spellcasting
 * Level 2.6 Conjurations
 * Level 4.2 Fire Magic


You had 5 spell levels left.
You knew the following spells:

 Your Spells              Type           Power        Failure   Level  Hunger
a - Flame Tongue          Conj/Fire      ###..        3%          1    None
b - Conjure Flame         Conj/Fire      ###.....     12%         3    ###....


Dungeon Overview and Level Annotations

Branches:
Dungeon (5/15)
 Temple: D:4-7

Altars:

Annotations:
D:5 Dowan, Duvessa


Message History

Enchant which weapon? (? for menu, Esc to quit)
You don't have any such object.
Enchant which weapon? (? for menu, Esc to quit)
Your +0 blowgun glows red for a moment.
Dowan shouts!
Dowan says, "Magic and the sword, together, will defeat you."
Dowan mumbles some strange words.
Dowan blinks!
Unknown command.
Casting: Flame Tongue
Confirm with . or Enter, or press ? or * to list all spells.
Aiming: Conjure Flame
Press: ? - help, Dir - move target cursor The fire roars!
Dowan gestures at you while chanting. You resist.
Dowan points at Duvessa and mumbles some strange words.
Duvessa seems to speed up.
Unknown command.
Are you sure you want to abandon this character and quit the game? (Confirm with "yes".)

#....).....<..........
#.....................
#.....................
#.....................
#.......(.............
#..............###....
#..............#**#..#
#....%.........#**,...
#[...@ยง........#* ,
.*
#.....ez.......#***,**
#.......O...e..#**,***
#..............#***, *
#..............# **,*
#..............#** *,*
#..........O...#****+*
*..............**** ,,
*,,...$....e..,****,,,


You could see Duvessa, an ogre, Dowan and a goblin skeleton.

Vanquished Creatures
  A giant frog zombie (D:5)
  An adder (D:2)
  2 goblins
  7 hobgoblins
  A ball python (D:1)
  A giant newt (D:1)
  A kobold (D:5)
  A kobold skeleton (D:5)
  3 rats
18 creatures vanquished.

Notes
Turn   | Place    | Note
--------------------------------------------------------------
     0 | D:1      | 4tharraofdagon, the Deep Elf Fire Elementalist, began the quest for the Orb.
     0 | D:1      | Reached XP level 1. HP: 10/10 MP: 5/5
   139 | D:1      | Reached XP level 2. HP: 12/15 MP: 1/8
   323 | D:4      | Noticed an orc warrior
   360 | D:4      | Noticed a phantom
   401 | D:5      | Entered Level 5 of the Dungeon
   414 | D:5      | Reached skill level 4 in Fire Magic
   414 | D:5      | Reached XP level 3. HP: 3/19 MP: 2/11
   419 | D:5      | Learned a level 3 spell: Conjure Flame
   429 | D:5      | Noticed a centaur
   481 | D:5      | Noticed Duvessa
   481 | D:5      | Noticed an ogre
   482 | D:5      | Noticed Dowan
   490 | D:5      | Quit the game

Action                   || total
-------------------------++-------
Melee: Unarmed           ||     3
       Dagger            ||     5
 Cast: Flame Tongue      ||    37
       Conjure Flame     ||     1
  Use: Potion            ||     4
       Scroll            ||     3
